 Dungeon Crawl Stone Soup version 0.21.1-1-g345015f (webtiles) character file.

28 letownia3 the Magician (level 3, 24/24 HPs)
             Began as a Demonspawn Wizard on Feb 6, 2018.
             Quit the game on level 2 of the Dungeon.
             The game lasted 00:01:57 (875 turns).

letownia3 the Magician (Demonspawn Wizard)           Turns: 875, Time: 00:01:58

Health: 24/24      AC:  3    Str:  8    XL:     3   Next: 0%
Magic:  3/7        EV: 11    Int: 19    God:
Gold:   31         SH:  0    Dex: 11    Spells: 7/8 levels left

rFire    . . .     SeeInvis .   (no weapon)
rCold    . . .     Gourm    .   (no shield)
rNeg     . . .     Faith    .   i - +0 leather armour
rPois    .         Spirit   .   b - +0 hat
rElec    .         Reflect  .   (no cloak)
rCorr    .         Harm     .   (no gloves)
MR       .....                  (no boots)
Stlth    +.........             (no amulet)
HPRegen  0.08/turn              (no ring)
MPRegen  0.10/turn              (no ring)

@: no status effects
A: demonic guardian 1, spiny 1
a: no special abilities


You were on level 2 of the Dungeon.
You were not hungry.

You visited 1 branch of the dungeon, and saw 2 of its levels.

You collected 31 gold pieces.

Inventory:

Hand Weapons
 h - a cursed -3 hand crossbow
Missiles
 f - 11 bolts
 g - 2 throwing nets (quivered)
Armour
 a - a +0 robe
 b - a +0 hat (worn)
 i - a +0 leather armour (worn)
Scrolls
 e - 3 scrolls of identify {unknown}
 j - a scroll of enchant armour {unknown}
Books
 c - a book of Minor Magic

   Spells                             Type                      Level
   a - Magic Dart                     Conjuration                  1
   b - Blink                          Translocation                2
   c - Call Imp                       Summoning                    2
   d - Slow                           Hexes                        2
   e - Conjure Flame                  Conjuration/Fire             3
   f - Mephitic Cloud                 Conjuration/Poison/Air       3
Comestibles
 d - a ration


   Skills:
 - Level 1.7 Dodging
 - Level 1.7 Stealth
 - Level 3.0 Spellcasting
 + Level 3.0 Conjurations
   Level 1.0 Summonings
   Level 0.8 Translocations


You had 7 spell levels left.
You knew the following spells:

 Your Spells              Type           Power        Failure   Level  Hunger
a - Magic Dart            Conj           ##..         6%          1    None


Dungeon Overview and Level Annotations

Branches:
Dungeon (2/15)

Altars:


Innate Abilities, Weirdness & Mutations

A weak demonic guardian rushes to your aid.
You are partially covered in sharp spines.


Message History

Unknown command.
Things that are here:
a club; a hobgoblin corpse You now have 21 gold pieces (gained 11).
j - a scroll labeled MENNIA ICYLUSH You now have 31 gold pieces (gained 10).
Casting: Magic Dart
Confirm with . or Enter, or press ? or * to list all spells.
Aiming: Magic Dart
Press: ? - help, Shift-Dir - straight line, f - bat
Aim: a bat (resting)
The magic dart hits the bat.
You kill the bat!
You have reached level 3!
Your experience leads to an increase in your attributes!
Increase (S)trength, (I)ntelligence, or (D)exterity?
You feel stronger.
Your demonic ancestry asserts itself...
You feel the presence of a demonic guardian.
Okay, then.
Are you sure you want to abandon this character and quit the game? (Confirm with "yes".)

#.. ..# #.# #.#
########.#####.##
................#
.####.##........# .##
##.##........#....
#.###.....)............
#....................#.
#.......@........#.###
#.####.#.........#.# ..
#.......###.#.# #.#
#.##....###.#.## # #.#
#............... # #.#
#.##....##.###.# # #.
#.#####.##....# # #.#
..............#
#.#####.............#


There were no monsters in sight!

Vanquished Creatures
  An adder (D:2)
  An ooze (D:2)
  A dart slug (D:2)
  4 bats (D:2)
  2 goblins (D:2)
  A hobgoblin (D:2)
  2 kobolds (D:2)
  2 rats (D:2)
14 creatures vanquished.

Notes
Turn   | Place    | Note
-------+----------+-------------------------------------------
     0 | D:1      | letownia3 the Demonspawn Wizard began the quest for the Orb.
     0 | D:1      | Reached XP level 1. HP: 13/13 MP: 4/4
    82 | D:1      | You fall through a shaft!
   456 | D:2      | Found a faded altar of an unknown god.
   462 | D:2      | Gained mutation: You are partially covered in sharp spines. [demonic ancestry]
   462 | D:2      | Reached XP level 2. HP: 16/19 MP: 0/6
   874 | D:2      | Gained mutation: A weak demonic guardian rushes to your aid. [demonic ancestry]
   874 | D:2      | Reached XP level 3. HP: 24/24 MP: 3/7
   875 | D:2      | Quit the game

Skill      XL: |  1  2 |
---------------+-------+-----
Conjurations   | 2 3 |  3.0
Dodging        | |  1.7
Stealth        | |  1.7
Spellcasting   | |  3.0
Summonings     | |  1.0
Translocations | |  0.8

Action                   || total
-------------------------++-------
Melee: Unarmed           ||    11
 Cast: Magic Dart        ||    38
Armor: Robe              ||     1
       Leather armour    ||     1
Dodge: Dodged            ||    14
